Predators vs Stars

Created - 18 avril 2025 at 20:33

Goals
1 2 3 T
Predators 0 0 0 0
Stars 1 3 3 7
Shots
1 2 3 T
Predators 8 10 11 29
Stars 8 9 8 25

GoalsPenalties
1st period
1. Stars , Valeri Nichushkin 1 (Erik Karlsson 2) at 15:24 (PP)
Elias Lindholm (DAL) for Hooking (Minor) at 3:25
Colton Sissons (NSH) for Delaying the game (Minor) at 10:27
Thomas Chabot (NSH) for Hooking (Minor) at 13:31
2nd period
2. Stars , Jesper Bratt 1 (Sidney Crosby 2) at 15:12
3. Stars , Erik Karlsson 1 (Sidney Crosby 3, Jesper Bratt 1) at 15:30
4. Stars , Brock Boeser 2 (Erik Karlsson 3, Jesper Bratt 2) at 15:51 (PP)
Erik Haula (DAL) for Unsportsmanlike conduct (Minor) at 4:56
Justin Holl (NSH) for Elbowing (Minor) at 15:41
3rd period
5. Stars , Erik Haula 1 (Carter Verhaeghe 1, Brent Burns 2) at 5:05
6. Stars , Erik Haula 2 (Timo Meier 1, Jonas Brodin 1) at 7:53
7. Stars , Nazem Kadri 2 (Jake Sanderson 2, Elias Lindholm 3) at 10:03
MacKenzie Weegar (DAL) for Holding (Minor) at 0:23
Jake Sanderson (DAL) for Roughing (Minor) at 17:27
Goalie Stats
Connor Ingram (NSH), 6 saves from 9 shots - (0,667), 24:09 minutes
Ilya Sorokin (NSH), 12 saves from 16 shots - (0,750), L, 0-1-0, 35:51 minutes
Adin Hill (DAL), 29 saves from 29 shots - (1,000), W, 2-0-0, 60:00 minutes
3 StarsOfficial
1 - Adin Hill (DAL)
2 - Erik Karlsson (DAL)
3 - Jesper Bratt (DAL)
Referees : Pierre Lambert and Trevor Hanson
Linesman : Jim Harper and Colin Gates
Game Note
Connor Ingram enters game at 15:51 of 2nd period
Finance
Level 1 -- Attendance: 4088 (68,13%) -- Ticket Income $715,400
Level 2 -- Attendance: 3199 (63,98%) -- Ticket Income $399,875
Level 3 -- Attendance: 1923 (96,15%) -- Ticket Income $228,837
Level 4 -- Attendance: 2909 (64,19%) -- Ticket Income $113,451
Luxury Box -- Attendance: 716 (71,60%) -- Ticket Income $214,800
Game was played at the American Airlines Center.
Total Attendance: 12835 (69,26%)
Total Ticket Income: $1,672,363
Other Income: $418,091
Total Income: $2,090,454



Team Name Goals Shots Shots Attemp Shots Blocked PIM HIT PP PK FO%
Predators 02964116160 / 4 (0%)260%
Stars 7254498152 / 3 (67%)040%

Predators
Player Name POS G A P +/- PIM HIT SHT SB MP PP MP PP SHT PK MP PK SHT FO% FOT
Bo HorvatC000-1002019:133:4210:00088% 25
Cam YorkD000-4012121:454:1910:2000% 0
Colton SissonsC000-221014:230:0001:11013% 8
Derek RyanC000-200004:140:0001:0100% 0
Gabriel VilardiC000-1006120:123:3521:06050% 4
J.T. CompherLW0000001117:010:0002:500100% 1
J.T. MillerC000-2006119:214:1420:00077% 22
Jack McBainC0000030015:120:0001:01032% 19
Jake McCabeD0000032316:350:0002:2500% 0
Justin HollD0000200015:460:0001:3700% 0
Kaapo KakkoRW0000010014:110:0000:0000% 0
Kyle ConnorLW000-1025019:173:3510:1100% 0
Lucas RaymondLW000-2001019:284:2110:00050% 2
Nikita ZadorovD000-1012022:483:3702:2500% 0
Roman JosiD000-4011222:394:1600:3400% 0
Tage ThompsonC000-2011019:284:2100:0000% 0
Thomas ChabotD000-1200120:253:4000:4300% 0
Yakov TreninC000-202003:570:0000:4400% 2
Stars
Player Name POS G A P +/- PIM HIT SHT SB MP PP MP PP SHT PK MP PK SHT FO% FOT
Alex IafalloLW000001006:360:0002:2100% 0
Brent BurnsD0112011221:211:4505:1300% 0
Brock BoeserRW1011011017:462:2710:00050% 2
Carter VerhaegheC0112000114:290:0002:08014% 7
Elias LindholmC0111212021:111:3504:18048% 31
Erik HaulaLW2022216016:470:0004:27038% 13
Erik KarlssonD1232002426:171:4515:1100% 0
Gustav ForslingD0001020114:180:0000:0000% 0
Jake SandersonD0112201018:562:1702:1700% 0
Jesper BrattLW1232003019:422:2701:0800% 1
Jonas BrodinD0111010017:290:0003:1100% 0
Logan StankovenC000000000:000:0000:0000% 0
MacKenzie WeegarD0002231121:372:1700:0000% 0
Nazem KadriC1011022017:462:2700:000100% 2
Sidney CrosbyC0222012021:571:3500:00038% 24
Tanner PearsonLW000000004:150:0000:0000% 0
Timo MeierRW0112011012:210:0000:0000% 0
Valeri NichushkinRW1012003019:121:3511:3000% 3



Play-by-Play

1st period


0:01 of 1st period - Sidney Crosby wins face-off versus Bo Horvat in neutral zone.
0:05 of 1st period - Icing by Cam York.
0:06 of 1st period - Bo Horvat wins face-off versus Elias Lindholm in Predators zone.
1:57 of 1st period - Off-side.
1:58 of 1st period - J.T. Compher wins face-off versus Erik Haula in neutral zone.
2:49 of 1st period - Icing by Jonas Brodin.
2:50 of 1st period - Erik Haula wins face-off versus Colton Sissons in Stars zone.
3:22 of 1st period - Icing by Roman Josi.
3:23 of 1st period - Elias Lindholm wins face-off versus Colton Sissons in Predators zone.
3:25 of 1st period - Minor Penalty to Elias Lindholm for Hooking.
3:26 of 1st period - Bo Horvat wins face-off versus Carter Verhaeghe in Stars zone.
3:31 of 1st period - Shot by Bo Horvat.
3:31 of 1st period - Shot Blocked by Brent Burns.
3:33 of 1st period - Shot by Bo Horvat.
3:33 of 1st period - Shot Misses the Net.
3:45 of 1st period - Shot by Thomas Chabot.
3:45 of 1st period - Shot Blocked by Carter Verhaeghe.
3:47 of 1st period - Shot by Cam York.
3:47 of 1st period - Stopped by Adin Hill without a rebound.
3:48 of 1st period - J.T. Miller wins face-off versus Carter Verhaeghe in Stars zone.
3:53 of 1st period - Shot by Gabriel Vilardi.
3:53 of 1st period - Stopped by Adin Hill without a rebound.
3:54 of 1st period - J.T. Miller wins face-off versus Carter Verhaeghe in Stars zone.
3:57 of 1st period - Shot by Kyle Connor.
3:57 of 1st period - Stopped by Adin Hill without a rebound.
3:58 of 1st period - Bo Horvat wins face-off versus Carter Verhaeghe in Stars zone.
4:09 of 1st period - Nikita Zadorov is hit by Erik Haula.
4:21 of 1st period - Shot by Lucas Raymond.
4:21 of 1st period - Shot Blocked by Brent Burns.
5:08 of 1st period - Thomas Chabot is hit by Alex Iafallo and loses puck.
5:15 of 1st period - Shot by Kyle Connor.
5:15 of 1st period - Shot Misses the Net.
5:25 of 1st period - Shot by Gabriel Vilardi.
5:25 of 1st period - Stopped by Adin Hill without a rebound.
5:26 of 1st period - Elias Lindholm wins face-off versus Jack McBain in Stars zone.
5:26 of 1st period - Elias Lindholm is hit by Jack McBain.
6:36 of 1st period - Shot by Jesper Bratt.
6:36 of 1st period - Stopped by Ilya Sorokin without a rebound.
6:37 of 1st period - Sidney Crosby wins face-off versus J.T. Miller in Predators zone.
6:46 of 1st period - Shot by Jake Sanderson.
6:46 of 1st period - Shot Blocked by Thomas Chabot.
7:53 of 1st period - Shot by Carter Verhaeghe.
7:53 of 1st period - Shot Blocked by J.T. Miller.
7:55 of 1st period - Shot by Timo Meier.
7:55 of 1st period - Shot Misses the Net.
7:57 of 1st period - Shot by Erik Haula.
7:57 of 1st period - Shot Misses the Net.
8:41 of 1st period - Shot by Nazem Kadri.
8:41 of 1st period - Stopped by Ilya Sorokin without a rebound.
8:42 of 1st period - Sidney Crosby wins face-off versus Jack McBain in Predators zone.
8:42 of 1st period - Sidney Crosby is hit by Jake McCabe.
8:56 of 1st period - Shot by Sidney Crosby.
8:56 of 1st period - Shot Misses the Net.
9:07 of 1st period - J.T. Compher is hit by Brent Burns and loses puck.
9:17 of 1st period - Shot by J.T. Compher.
9:17 of 1st period - Shot Misses the Net.
9:25 of 1st period - Shot by Kaapo Kakko.
9:25 of 1st period - Shot Misses the Net.
9:51 of 1st period - Shot by Kyle Connor.
9:51 of 1st period - Stopped by Adin Hill without a rebound.
9:52 of 1st period - Elias Lindholm wins face-off versus Colton Sissons in Stars zone.
9:52 of 1st period - Elias Lindholm is hit by Colton Sissons.
10:01 of 1st period - Nazem Kadri is hit by Roman Josi and loses puck.
10:27 of 1st period - Minor Penalty to Colton Sissons for Delaying the game.
10:28 of 1st period - Sidney Crosby wins face-off versus Gabriel Vilardi in Predators zone.
10:28 of 1st period - Valeri Nichushkin is hit by Nikita Zadorov and loses puck.
10:34 of 1st period - Sidney Crosby is hit by Jake McCabe.
10:54 of 1st period - Shot by Erik Karlsson.
10:54 of 1st period - Shot Misses the Net.
10:56 of 1st period - Shot by Erik Karlsson.
10:56 of 1st period - Stopped by Ilya Sorokin without a rebound.
10:57 of 1st period - Gabriel Vilardi wins face-off versus Jesper Bratt in Predators zone.
10:57 of 1st period - Gabriel Vilardi is hit by Nazem Kadri.
11:36 of 1st period - Icing by MacKenzie Weegar.
11:37 of 1st period - Nazem Kadri wins face-off versus Yakov Trenin in Stars zone.
11:37 of 1st period - Nazem Kadri is hit by Yakov Trenin.
11:45 of 1st period - Shot by Jesper Bratt.
11:45 of 1st period - Shot Misses the Net.
11:53 of 1st period - Jesper Bratt is hit by Yakov Trenin and loses puck.
12:02 of 1st period - J.T. Compher is hit by Brock Boeser.
12:38 of 1st period - Shot by Sidney Crosby.
12:38 of 1st period - Stopped by Ilya Sorokin without a rebound.
12:39 of 1st period - Carter Verhaeghe wins face-off versus Bo Horvat in Predators zone.
12:42 of 1st period - Shot by Erik Haula.
12:42 of 1st period - Shot Blocked by Roman Josi.
13:31 of 1st period - Minor Penalty to Thomas Chabot for Hooking.
13:32 of 1st period - Sidney Crosby wins face-off versus Colton Sissons in Predators zone.
13:39 of 1st period - Shot by Erik Karlsson.
13:39 of 1st period - Shot Blocked by J.T. Compher.
15:02 of 1st period - Shot by Nazem Kadri.
15:02 of 1st period - Shot Blocked by Colton Sissons.
15:24 of 1st period - Shot by Valeri Nichushkin.
15:24 of 1st period - Goal by Valeri Nichushkin - Predators : 0 - Stars : 1.
15:25 of 1st period - Bo Horvat wins face-off versus Erik Haula in neutral zone.
16:35 of 1st period - Shot by Sidney Crosby.
16:35 of 1st period - Stopped by Ilya Sorokin without a rebound.
16:36 of 1st period - Elias Lindholm wins face-off versus Jack McBain in Predators zone.
17:03 of 1st period - Shot by Elias Lindholm.
17:03 of 1st period - Stopped by Ilya Sorokin without a rebound.
17:04 of 1st period - J.T. Miller wins face-off versus Sidney Crosby in Predators zone.
17:33 of 1st period - Shot by Jesper Bratt.
17:33 of 1st period - Shot Blocked by Jake McCabe.
17:37 of 1st period - Shot by Valeri Nichushkin.
17:37 of 1st period - Stopped by Ilya Sorokin without a rebound.
17:38 of 1st period - Bo Horvat wins face-off versus Elias Lindholm in Predators zone.
17:47 of 1st period - Shot by Bo Horvat.
17:47 of 1st period - Stopped by Adin Hill without a rebound.
17:48 of 1st period - Elias Lindholm wins face-off versus Gabriel Vilardi in Stars zone.
18:03 of 1st period - Shot by Kyle Connor.
18:03 of 1st period - Deflect By Gabriel Vilardi.
18:03 of 1st period - Stopped by Adin Hill without a rebound.
18:04 of 1st period - J.T. Miller wins face-off versus Valeri Nichushkin in Stars zone.
19:43 of 1st period - Shot by Kyle Connor.
19:43 of 1st period - Deflect By Gabriel Vilardi.
19:43 of 1st period - Stopped by Adin Hill without a rebound.
19:44 of 1st period - Jack McBain wins face-off versus Erik Haula in Stars zone.
19:54 of 1st period - Icing by Gustav Forsling.
19:55 of 1st period - Colton Sissons wins face-off versus Erik Haula in Stars zone.
Goals for this period are 0 for Predators vs 1 for Stars.
Shots for this period are 8 for Predators vs 8 for Stars.

2nd period


0:01 of 2nd period - Bo Horvat wins face-off versus Sidney Crosby in neutral zone.
0:26 of 2nd period - Shot by Bo Horvat.
0:26 of 2nd period - Shot Blocked by Erik Karlsson.
0:28 of 2nd period - Shot by Thomas Chabot.
0:28 of 2nd period - Deflect By Bo Horvat.
0:28 of 2nd period - Shot Misses the Net.
0:44 of 2nd period - Shot by Gabriel Vilardi.
0:44 of 2nd period - Shot Blocked by MacKenzie Weegar.
0:46 of 2nd period - Shot by Thomas Chabot.
0:46 of 2nd period - Shot Misses the Net.
1:02 of 2nd period - Shot by Kaapo Kakko.
1:02 of 2nd period - Shot Misses the Net.
1:04 of 2nd period - Shot by Roman Josi.
1:04 of 2nd period - Stopped by Adin Hill without a rebound.
1:05 of 2nd period - Lucas Raymond wins face-off versus Elias Lindholm in Stars zone.
2:25 of 2nd period - Shot by Erik Haula.
2:25 of 2nd period - Stopped by Ilya Sorokin without a rebound.
2:26 of 2nd period - Gabriel Vilardi wins face-off versus Sidney Crosby in Predators zone.
2:50 of 2nd period - Icing by Erik Karlsson.
2:51 of 2nd period - Jack McBain wins face-off versus Sidney Crosby in Stars zone.
4:01 of 2nd period - Shot by Gabriel Vilardi.
4:01 of 2nd period - Stopped by Adin Hill with a rebound.
4:56 of 2nd period - Minor Penalty to Erik Haula for Unsportsmanlike conduct.
4:57 of 2nd period - J.T. Miller wins face-off versus Elias Lindholm in Stars zone.
5:23 of 2nd period - Shot by Lucas Raymond.
5:23 of 2nd period - Shot Misses the Net.
5:35 of 2nd period - Shot by J.T. Miller.
5:35 of 2nd period - Stopped by Adin Hill without a rebound.
5:36 of 2nd period - J.T. Miller wins face-off versus Carter Verhaeghe in Stars zone.
7:06 of 2nd period - J.T. Compher is hit by Timo Meier and loses puck.
7:31 of 2nd period - Kaapo Kakko is hit by Jonas Brodin and loses puck.
8:29 of 2nd period - Shot by Jesper Bratt.
8:29 of 2nd period - Stopped by Ilya Sorokin without a rebound.
8:30 of 2nd period - J.T. Miller wins face-off versus Sidney Crosby in Predators zone.
8:30 of 2nd period - J.T. Miller is hit by Sidney Crosby.
9:12 of 2nd period - Shot by Tage Thompson.
9:12 of 2nd period - Stopped by Adin Hill without a rebound.
9:13 of 2nd period - Bo Horvat wins face-off versus Elias Lindholm in Stars zone.
9:38 of 2nd period - Shot by MacKenzie Weegar.
9:38 of 2nd period - Stopped by Ilya Sorokin without a rebound.
9:39 of 2nd period - Sidney Crosby wins face-off versus Jack McBain in Predators zone.
10:11 of 2nd period - Icing by Nikita Zadorov.
10:12 of 2nd period - Elias Lindholm wins face-off versus Jack McBain in Predators zone.
10:45 of 2nd period - Shot by J.T. Miller.
10:45 of 2nd period - Stopped by Adin Hill without a rebound.
10:46 of 2nd period - Bo Horvat wins face-off versus Erik Haula in Stars zone.
11:08 of 2nd period - Shot by Timo Meier.
11:08 of 2nd period - Deflect By Erik Haula.
11:08 of 2nd period - Stopped by Ilya Sorokin without a rebound.
11:09 of 2nd period - J.T. Miller wins face-off versus Valeri Nichushkin in Predators zone.
13:04 of 2nd period - Shot by Erik Haula.
13:04 of 2nd period - Stopped by Ilya Sorokin with a rebound.
13:56 of 2nd period - Icing by Cam York.
13:57 of 2nd period - Bo Horvat wins face-off versus Valeri Nichushkin in Predators zone.
14:19 of 2nd period - Icing by Sidney Crosby.
14:20 of 2nd period - Jack McBain wins face-off versus Sidney Crosby in Stars zone.
14:33 of 2nd period - Shot by J.T. Compher.
14:33 of 2nd period - Shot Misses the Net.
14:35 of 2nd period - Shot by Nikita Zadorov.
14:35 of 2nd period - Stopped by Adin Hill without a rebound.
14:36 of 2nd period - Elias Lindholm wins face-off versus Colton Sissons in Stars zone.
15:08 of 2nd period - Icing by Thomas Chabot.
15:09 of 2nd period - Sidney Crosby wins face-off versus Colton Sissons in Predators zone.
15:12 of 2nd period - Shot by Jesper Bratt.
15:12 of 2nd period - Goal by Jesper Bratt - Predators : 0 - Stars : 2.
15:13 of 2nd period - Bo Horvat wins face-off versus Sidney Crosby in neutral zone.
15:16 of 2nd period - MacKenzie Weegar is hit by Kyle Connor.
15:28 of 2nd period - Shot by Sidney Crosby.
15:28 of 2nd period - Shot Blocked by Cam York.
15:30 of 2nd period - Shot by Erik Karlsson.
15:30 of 2nd period - Goal by Erik Karlsson - Predators : 0 - Stars : 3.
15:31 of 2nd period - Jack McBain wins face-off versus Elias Lindholm in neutral zone.
15:41 of 2nd period - Minor Penalty to Justin Holl for Elbowing.
15:42 of 2nd period - Nazem Kadri wins face-off versus Colton Sissons in Predators zone.
15:51 of 2nd period - Shot by Brock Boeser.
15:51 of 2nd period - Goal by Brock Boeser - Predators : 0 - Stars : 4.
15:51 of 2nd period - Connor Ingram enters game.
15:52 of 2nd period - Bo Horvat wins face-off versus Sidney Crosby in neutral zone.
16:06 of 2nd period - Shot by Kyle Connor.
16:06 of 2nd period - Shot Misses the Net.
16:08 of 2nd period - Shot by Gabriel Vilardi.
16:08 of 2nd period - Shot Misses the Net.
16:10 of 2nd period - Shot by Kyle Connor.
16:10 of 2nd period - Shot Blocked by Erik Karlsson.
16:12 of 2nd period - Shot by Cam York.
16:12 of 2nd period - Stopped by Adin Hill with a rebound.
16:14 of 2nd period - Shot by Cam York.
16:14 of 2nd period - Shot Blocked by Erik Karlsson.
16:16 of 2nd period - Shot by Kyle Connor.
16:16 of 2nd period - Stopped by Adin Hill with a rebound.
17:12 of 2nd period - Shot by J.T. Compher.
17:12 of 2nd period - Stopped by Adin Hill without a rebound.
17:13 of 2nd period - J.T. Miller wins face-off versus Carter Verhaeghe in Stars zone.
17:14 of 2nd period - Shot by Tage Thompson.
17:14 of 2nd period - Deflect By Lucas Raymond.
17:14 of 2nd period - Shot Misses the Net.
17:16 of 2nd period - Shot by J.T. Miller.
17:16 of 2nd period - Stopped by Adin Hill without a rebound.
17:17 of 2nd period - J.T. Miller wins face-off versus Elias Lindholm in Stars zone.
17:27 of 2nd period - Icing by Jake Sanderson.
17:28 of 2nd period - Elias Lindholm wins face-off versus Jack McBain in Stars zone.
17:28 of 2nd period - Elias Lindholm is hit by Kaapo Kakko.
17:31 of 2nd period - Jake Sanderson is hit by Jack McBain and loses puck.
17:53 of 2nd period - Elias Lindholm is hit by Cam York and loses puck.
18:07 of 2nd period - Off-side.
18:08 of 2nd period - Bo Horvat wins face-off versus Sidney Crosby in neutral zone.
19:21 of 2nd period - Shot by Timo Meier.
19:21 of 2nd period - Shot Blocked by Jake McCabe.
19:23 of 2nd period - Shot by Jake Sanderson.
19:23 of 2nd period - Stopped by Connor Ingram without a rebound.
19:24 of 2nd period - Elias Lindholm wins face-off versus Jack McBain in Predators zone.
19:54 of 2nd period - Icing by Elias Lindholm.
19:55 of 2nd period - J.T. Miller wins face-off versus Elias Lindholm in Stars zone.
19:59 of 2nd period - J.T. Miller is hit by Gustav Forsling and loses puck.
Goals for this period are 0 for Predators vs 3 for Stars.
Shots for this period are 10 for Predators vs 9 for Stars.

3rd period


0:01 of 3rd period - J.T. Miller wins face-off versus Sidney Crosby in neutral zone.
0:23 of 3rd period - Minor Penalty to MacKenzie Weegar for Holding.
0:24 of 3rd period - J.T. Miller wins face-off versus Elias Lindholm in Stars zone.
0:56 of 3rd period - Off-side.
0:57 of 3rd period - Bo Horvat wins face-off versus Elias Lindholm in neutral zone.
1:01 of 3rd period - Shot by Thomas Chabot.
1:01 of 3rd period - Shot Misses the Net.
1:03 of 3rd period - Shot by Thomas Chabot.
1:03 of 3rd period - Shot Misses the Net.
1:07 of 3rd period - Shot by Bo Horvat.
1:07 of 3rd period - Stopped by Adin Hill without a rebound.
1:08 of 3rd period - Bo Horvat wins face-off versus Elias Lindholm in Stars zone.
1:31 of 3rd period - Shot by Lucas Raymond.
1:31 of 3rd period - Stopped by Adin Hill with a rebound.
1:33 of 3rd period - Shot by Bo Horvat.
1:33 of 3rd period - Shot Misses the Net.
1:35 of 3rd period - Shot by Cam York.
1:35 of 3rd period - Shot Misses the Net.
2:37 of 3rd period - Shot by Kaapo Kakko.
2:37 of 3rd period - Shot Misses the Net.
3:01 of 3rd period - Shot by Kaapo Kakko.
3:01 of 3rd period - Shot Misses the Net.
3:25 of 3rd period - Off-side.
3:26 of 3rd period - Bo Horvat wins face-off versus Elias Lindholm in neutral zone.
3:26 of 3rd period - Bo Horvat is hit by Nazem Kadri.
3:37 of 3rd period - Gabriel Vilardi is hit by MacKenzie Weegar.
3:42 of 3rd period - Kyle Connor is hit by MacKenzie Weegar and loses puck.
4:23 of 3rd period - Shot by J.T. Miller.
4:23 of 3rd period - Stopped by Adin Hill without a rebound.
4:24 of 3rd period - Erik Haula wins face-off versus J.T. Miller in Stars zone.
5:05 of 3rd period - Shot by Erik Haula.
5:05 of 3rd period - Goal by Erik Haula - Predators : 0 - Stars : 5.
5:06 of 3rd period - Jack McBain wins face-off versus Sidney Crosby in neutral zone.
5:31 of 3rd period - Shot by Jake McCabe.
5:31 of 3rd period - Stopped by Adin Hill without a rebound.
5:32 of 3rd period - Elias Lindholm wins face-off versus Bo Horvat in Stars zone.
5:32 of 3rd period - Elias Lindholm is hit by Kyle Connor.
5:38 of 3rd period - Shot by Kyle Connor.
5:38 of 3rd period - Stopped by Adin Hill without a rebound.
5:39 of 3rd period - Bo Horvat wins face-off versus Brock Boeser in Stars zone.
6:21 of 3rd period - Icing by Erik Karlsson.
6:22 of 3rd period - Elias Lindholm wins face-off versus J.T. Miller in Stars zone.
7:51 of 3rd period - Shot by Timo Meier.
7:51 of 3rd period - Shot Blocked by Roman Josi.
7:53 of 3rd period - Shot by Erik Haula.
7:53 of 3rd period - Goal by Erik Haula - Predators : 0 - Stars : 6.
7:54 of 3rd period - Bo Horvat wins face-off versus Elias Lindholm in neutral zone.
8:07 of 3rd period - Icing by Thomas Chabot.
8:08 of 3rd period - Bo Horvat wins face-off versus Erik Haula in Predators zone.
8:45 of 3rd period - Shot by Timo Meier.
8:45 of 3rd period - Shot Blocked by Gabriel Vilardi.
8:47 of 3rd period - Shot by Erik Haula.
8:47 of 3rd period - Shot Hit the Post.
8:49 of 3rd period - Shot by Erik Haula.
8:49 of 3rd period - Stopped by Connor Ingram without a rebound.
8:50 of 3rd period - Sidney Crosby wins face-off versus Jack McBain in Predators zone.
9:55 of 3rd period - Icing by Roman Josi.
9:56 of 3rd period - Elias Lindholm wins face-off versus Yakov Trenin in Predators zone.
10:03 of 3rd period - Shot by Nazem Kadri.
10:03 of 3rd period - Goal by Nazem Kadri - Predators : 0 - Stars : 7.
10:04 of 3rd period - Bo Horvat wins face-off versus Elias Lindholm in neutral zone.
10:19 of 3rd period - Shot by Kyle Connor.
10:19 of 3rd period - Stopped by Adin Hill without a rebound.
10:20 of 3rd period - Erik Haula wins face-off versus Lucas Raymond in Stars zone.
10:25 of 3rd period - Shot by J.T. Miller.
10:25 of 3rd period - Stopped by Adin Hill with a rebound.
10:27 of 3rd period - Shot by J.T. Miller.
10:27 of 3rd period - Shot Blocked by Gustav Forsling.
11:18 of 3rd period - Kyle Connor is hit by Gustav Forsling and loses puck.
11:22 of 3rd period - Icing by Gustav Forsling.
11:23 of 3rd period - Erik Haula wins face-off versus Jack McBain in Stars zone.
11:41 of 3rd period - Icing by MacKenzie Weegar.
11:42 of 3rd period - Bo Horvat wins face-off versus Sidney Crosby in Stars zone.
11:50 of 3rd period - Shot by Bo Horvat.
11:50 of 3rd period - Shot Blocked by Erik Karlsson.
11:52 of 3rd period - Shot by Nikita Zadorov.
11:52 of 3rd period - Stopped by Adin Hill without a rebound.
11:53 of 3rd period - Elias Lindholm wins face-off versus Jack McBain in Stars zone.
11:53 of 3rd period - Brent Burns is hit by Jack McBain and loses puck.
12:00 of 3rd period - J.T. Compher is hit by Elias Lindholm and loses puck.
12:05 of 3rd period - Shot by Elias Lindholm.
12:05 of 3rd period - Shot Misses the Net.
12:07 of 3rd period - Shot by Brent Burns.
12:07 of 3rd period - Stopped by Connor Ingram without a rebound.
12:08 of 3rd period - Bo Horvat wins face-off versus Sidney Crosby in Predators zone.
12:22 of 3rd period - Icing by Sidney Crosby.
12:23 of 3rd period - J.T. Miller wins face-off versus Sidney Crosby in Stars zone.
12:23 of 3rd period - Thomas Chabot is hit by MacKenzie Weegar and loses puck.
12:38 of 3rd period - Shot by Valeri Nichushkin.
12:38 of 3rd period - Stopped by Connor Ingram without a rebound.
12:39 of 3rd period - Bo Horvat wins face-off versus Elias Lindholm in Predators zone.
14:40 of 3rd period - Shot by Timo Meier.
14:40 of 3rd period - Stopped by Connor Ingram without a rebound.
14:41 of 3rd period - Brock Boeser wins face-off versus Jack McBain in Predators zone.
14:42 of 3rd period - Shot by Elias Lindholm.
14:42 of 3rd period - Stopped by Connor Ingram without a rebound.
14:43 of 3rd period - Elias Lindholm wins face-off versus Jack McBain in Predators zone.
14:50 of 3rd period - Shot by Jake Sanderson.
14:50 of 3rd period - Shot Blocked by Jake McCabe.
14:55 of 3rd period - Icing by J.T. Compher.
14:56 of 3rd period - Erik Haula wins face-off versus Jack McBain in Predators zone.
15:33 of 3rd period - Timo Meier is hit by Jake McCabe.
16:31 of 3rd period - Icing by Erik Karlsson.
16:32 of 3rd period - Sidney Crosby wins face-off versus J.T. Miller in Stars zone.
16:55 of 3rd period - Elias Lindholm is hit by Tage Thompson and loses puck.
17:10 of 3rd period - Shot by Elias Lindholm.
17:10 of 3rd period - Shot Misses the Net.
17:13 of 3rd period - Icing by Thomas Chabot.
17:14 of 3rd period - J.T. Miller wins face-off versus Erik Haula in Predators zone.
17:18 of 3rd period - Icing by Lucas Raymond.
17:19 of 3rd period - J.T. Miller wins face-off versus Erik Haula in Predators zone.
17:26 of 3rd period - Shot by Lucas Raymond.
17:26 of 3rd period - Shot Misses the Net.
17:27 of 3rd period - Minor Penalty to Jake Sanderson for Roughing.
17:28 of 3rd period - J.T. Miller wins face-off versus Elias Lindholm in Stars zone.
17:33 of 3rd period - Shot by Gabriel Vilardi.
17:33 of 3rd period - Stopped by Adin Hill without a rebound.
17:34 of 3rd period - Elias Lindholm wins face-off versus J.T. Miller in Stars zone.
17:51 of 3rd period - Shot by J.T. Miller.
17:51 of 3rd period - Stopped by Adin Hill with a rebound.
17:53 of 3rd period - Shot by Thomas Chabot.
17:53 of 3rd period - Shot Misses the Net.
17:55 of 3rd period - Shot by J.T. Miller.
17:55 of 3rd period - Shot Misses the Net.
19:18 of 3rd period - Shot by Kyle Connor.
19:18 of 3rd period - Shot Misses the Net.
19:34 of 3rd period - Shot by Jake McCabe.
19:34 of 3rd period - Stopped by Adin Hill without a rebound.
19:35 of 3rd period - Jack McBain wins face-off versus Sidney Crosby in Stars zone.
19:50 of 3rd period - Shot by J.T. Compher.
19:50 of 3rd period - Shot Misses the Net.
19:52 of 3rd period - Shot by J.T. Compher.
19:52 of 3rd period - Shot Misses the Net.
19:54 of 3rd period - Shot by Jack McBain.
19:54 of 3rd period - Shot Misses the Net.
19:56 of 3rd period - Shot by J.T. Compher.
19:56 of 3rd period - Shot Misses the Net.
Goals for this period are 0 for Predators vs 3 for Stars.
Shots for this period are 11 for Predators vs 8 for Stars.